 Dungeon Crawl Stone Soup version 0.30-a0-743-gbfdf073431 (webtiles) character file.

Game seed: 13300640608303676183

91 Bnni the Shooter (level 4, -4/28 HPs)
             Began as a Tengu Hunter on Feb 5, 2023.
             Killed from afar by an orc wizard (8 damage)
             ... with a magic dart
             ... on level 3 of the Dungeon.
             The game lasted 00:01:59 (1840 turns).

Bnni the Shooter (Tengu Hunter)                     Turns: 1840, Time: 00:01:59

Health: -4/28      AC:  3    Str: 17    XL:     4   Next: 57%
Magic:  5/5        EV: 12    Int: 10    God:
Gold:   168        SH:  0    Dex: 19    Spells: 3/3 levels left

rFire   + . .      SeeInvis .    a - +0 shortbow
rCold   + . .      Faith    .    (shield currently unavailable)
rNeg    . . .      Spirit   .    c - +0 leather armour
rPois   +          Reflect  +    (helmet restricted)
rElec   +          Harm     .    (no cloak)
rCorr   +          Rampage  .    (no gloves)
Will    .....                    (boots unavailable)
Stlth   +                        f - amulet of reflection
HPRegen 0.24/turn                k - +6 ring of strength
MPRegen 0.09/turn                (no ring)

@: confused, resistant, invisible
A: beak, talons 3
a: no special abilities


You were on level 3 of the Dungeon.
You visited 1 branch of the dungeon, and saw 3 of its levels.

You collected 168 gold pieces.

Inventory:

Hand Weapons
 a - a +0 shortbow (weapon)
Missiles
 i - 5 poisoned darts
Armour
 c - a +0 leather armour (worn)
Jewellery
 f - an amulet of reflection (around neck)
 h - a ring of fire
 k - a +6 ring of strength (left hand)
Scrolls
 b - a scroll of immolation
 d - a scroll of fog {unknown}
 e - a scroll of identify {unknown}
 m - a scroll of fear {unknown}
 n - 3 scrolls of silence {unknown}
Potions
 o - a potion of heal wounds {unknown}


   Skills:
 + Level 3.0 Fighting
 * Level 5.9 Ranged Weapons
 - Level 2.1 Dodging
 - Level 1.0 Stealth


You had 3 spell levels left.
You didn't know any spells.
Your spell library contained the following spells:

 Spells                   Type           Power      Damage    Failure   Level
 Sting                    Tmut/Pois      0%         1d3       43%         1
 Poisonous Vapours        Pois/Air       0%         N/A       56%         2
 Frozen Ramparts          Ice            0%         1d1       80%         3
 Ice Form                 Ice/Tmut       0%         N/A       99%         4
 Olgreb's Toxic Radiance  Pois           0%         N/A       99%         4
 Summon Ice Beast         Ice/Summ       0%         N/A       99%         4


Dungeon Overview and Level Annotations

Branches:
Dungeon (3/15)

Altars:


Innate Abilities, Weirdness & Mutations

You have a beak for a mouth.
You have claws for feet.


Message History

You hear some strange, mumbled words.
The orc resists with significant effort.
The orc barely misses you.
You clumsily bash the orc but do no damage.
A puff of flame appears from out of thin air!
The puff of flame hits the orc.
The orc closely misses you.
You clumsily bash the orc but do no damage.
Your peck misses the orc.
The orc is heavily wounded.
You feel less confused.
A magic dart appears from out of thin air!
The magic dart hits you!
* * * LOW HITPOINT WARNING * * *
The orc hits you but does no damage. The orc closely misses you.
You shoot an arrow. The arrow hits the orc!
You kill the orc!
You shoot an arrow. Something hits you but does no damage.
You shoot an arrow.
An orc wizard appears from thin air!
Reactivating autopickup.
The orc wizard barely misses you.
You shoot an arrow. The arrow hits the orc wizard.
The orc wizard is lightly wounded.
The orc wizard completely misses you.
The orc wizard hits you with a +0 dagger.
* * * LOW HITPOINT WARNING * * *
You shoot an arrow.
The arrow closely misses the orc wizard.
The orc wizard hits you with a +0 dagger.
* * * LOW HITPOINT WARNING * * *
The orc wizard gestures at something while chanting.
You are confused.
You shoot an arrow. The arrow misses the orc wizard.
Unknown command.
You barely miss the orc wizard. Your kick misses the orc wizard.
The orc wizard is lightly wounded.
The orc wizard hits you with a +0 dagger.
* * * LOW HITPOINT WARNING * * *
The orc wizard points at you and mumbles some strange words.
The magic dart hits you!
You die...

#.#.# #.##.# ..#.# #.##.#
..#.# #.##.# ..#.# #.##.#
>.#.# #.##.#
..#.#########.##>#####
..#..................#########
..#..########.##..<)......[o).
#.#..#†.........@o)...#####o##
#.#..#.######.#######.#
#.............# #.#
####.########## #.# # #.# #.#
# #.# #)# #.. #.# ### #.#


You could see an orc wizard (unable to see you).

Vanquished Creatures
  An orc wizard (D:3)
  An adder (D:2)
  2 worms (D:2)
  A dart slug (D:1)
  3 orcs
  3 bats
  2 endoplasms
  4 giant cockroaches
  6 goblins
  3 hobgoblins
  3 kobolds
  3 quokkas
  5 ball pythons
  4 frilled lizards
  4 rats
45 creatures vanquished.

Notes
Turn   | Place    | Note
-------+----------+-------------------------------------------
     0 | D:1      | Bnni the Tengu Hunter began the quest for the Orb.
     0 | D:1      | Reached XP level 1. HP: 12/12 MP: 2/2
   217 | D:1      | Reached XP level 2. HP: 17/17 MP: 3/3
   518 | D:1      | Reached skill level 5 in Ranged Weapons
   815 | D:1      | Reached XP level 3. HP: 22/22 MP: 4/4
  1556 | D:2      | Reached XP level 4. HP: 27/27 MP: 5/5
  1823 | D:3      | HP: 1/28 [something (2)]
  1840 | D:3      | Killed from afar by an orc wizard

Illustrated notes

Levels and vault maps discovered:
D:1:      dpeg_arrival_boxes_within_box, layout_basic
D:2:      layout_basic, serial_aquarium, aquarium_bridge_island_small
          [aquarium_subvault_small_open, aquarium_subvault_bridge,
          aquarium_subvault_wall, aquarium_subvault_bridge,
          aquarium_subvault_window], aquarium_window_fake, aquarium_window_2,
          aquarium_view_2e, aquarium_pool_1, minmay_misc_feat_enclosed,
          kennysheep_big_empty_room
D:3:      layout_loops_ring

Skill      XL: |  1  2  3  4 |
---------------+-------------+-----
Ranged Weapons | 5 |  5.9
Fighting       | 3 |  3.0
Dodging        | |  2.1
Stealth        | |  1.0

Action                     |  1- 3 |  4- 6 || total
---------------------------+-------+-------++-------
  Melee: Shortbow          |       |     3 ||     3
   Fire: Shortbow          |    98 |    30 ||   128
    Use: Potion            |       |     3 ||     3
 Armour: Leather armour    |     6 |     5 ||    11
  Dodge: Dodged            |    18 |    16 ||    34
  Block: Other             |       |     1 ||     1

Table legend: (Time is in decaauts)
 A = Elapsed time spent in this place.
 B = Non-inter-level travel time spent in this place.
 C = Inter-level travel time spent in this place.
 D = Time resting spent in this place.
 E = Time spent auto-exploring this place.
 F = Levels seen in this place.
 G = Mean time per level.
                   A        B        C        D        E       F      G
               +--------+--------+--------+--------+--------+-----+--------+
         Total |   1877 |   1786 |     91 |      0 |   1512 |   3 |  625.7 |
       Dungeon |   1877 |   1786 |     91 |      0 |   1512 |   3 |  625.7 |
               +--------+--------+--------+--------+--------+-----+--------+

Top non-repeatable levels by time:
     D:1: 939 daAuts
     D:2: 838 daAuts
     D:3: 100 daAuts
